Unix NetHack Version 5.0.0-0 post-release - last build Jun 10 2026 00:39:30 (3ee93aec679c4c4259841fe613dc97188e26a321,branch:main).

Game began 2026-06-28 14:20:38, ended 2026-07-01 01:12:58.

Kwijibo4686, neutral female human Valkyrie

                     --------------------------------
                     |..............................-
                     |.-----------.......--------...|                  '
  ---------       ))#-.+  |.((|..|.------|. |+++|...|
  |<......-        ##|.| )|(.(|..|.|..$..|. |+$+|...|
  |.......|#        #|.---|.$.||--.|.._..|.-|.. |...|
  |........##########|....--|--....|.....|..-|---...|
  |.......|         #|..*...(......|.....|..........|
  ---------          |.........@.{.-|-----.{........-(
                     |......)............)..........|
                     |...-|----|-...........-|---...|
                     |.. |$ [|.@|---.-------|$. |...-
                     |...|)? |.@|  -.-      |..(|...|
                     |... !))----  |.|$     |(((|...|
                     |...          -`-      -----...|
                     |...           )            ...|
                     -----         ---          -----

Kwijibo4686 the Fighter     St:18 Dx:11 Co:18 In:11 Wi:8 Ch:9  Neutral
Dlvl:5  $:25 HP:0(51) Pw:16(16) AC:-3 Xp:6 T:1887  Conf

Latest messages:
 You miss the watchman.
 The watchman swings her knife.
 The watchman hits!
 The watchman throws a spear!
 The spear hits the watchman!
 You hit the watchman!
 The watchman swings her knife.
 The watchman hits!
 The watchman wields a knife!
 You hit the watchman!
 The watchman thrusts her knife.
 The watchman hits!
 The watchman throws a knife!
 The knife misses the watchman.
 A knife misses you.
 You kill the watchman!
 You murderer!
 The watchman picks up a forked polearm.
 You hit the watchman!
 The watchman hits!
 You miss the watchman.
 The watchman just misses!
 You hit the watchman!
 You hit the watchman!
 The watchman misses!
 You kill the watchman!
 You murderer!
 There are many objects here.
 You miss the watch captain.
 The watch captain swings her long sword.
 The watch captain hits!
 The watch captain swings her long sword.
 The watch captain misses!
 You see here a knife.
 The watch captain picks up a ring mail.
 You hit the watch captain!
 The watch captain swings her long sword.
 The watch captain just misses!
 The watch captain swings her long sword.
 The watch captain hits!
 What do you want to drink? [eginsv or ?*] v
 You detect the presence of objects.
 (For instructions type a '?')
 Done.
 What do you want to drink? [egins or ?*] ?
 Huh, What?  Where am I?
 The watch captain swings her long sword.
 The watch captain hits!
 You die...
 Do you want your possessions identified? [ynq] (y) q

Inventory:
 Coins    ('$')
  $ - 25 gold pieces
 Weapons  (')')
  b - a +0 dagger (alternate weapon; not wielded)
  a - a +1 spear (weapon in right hand)
 Armor    ('[')
  k - an uncursed +0 helmet (being worn)
  p - an uncursed +0 pair of iron shoes (being worn)
  c - a blessed +3 small shield (being worn)
  u - a blessed +1 chain mail (being worn)
 Comestibles  ('%')
  d - 2 uncursed food rations
 Scrolls  ('?')
  f - a blessed scroll of enchant weapon
  o - an uncursed scroll of stinking cloud
 Potions  ('!')
  s - a cursed potion of extra healing
  n - a cursed potion of monster detection
  g - an uncursed potion of paralysis
  i - an uncursed potion of water
 Rings    ('=')
  l - an uncursed ring of cold resistance
  h - an uncursed ring of regeneration
  t - an uncursed ring of shock resistance
 Tools    ('(')
  r - an uncursed blindfold
  q - an uncursed skeleton key

Kwijibo4686 the Valkyrie's attributes:

Background:
 You were a Fighter, a level 6 human Valkyrie.
 You were neutral, on a mission for Odin
 who was opposed by Tyr (lawful) and Loki (chaotic).
 You were right-handed.
 You were in the Gnomish Mines, on level 5.
 You entered the dungeon 1887 turns ago.
 It was nighttime.
 There was a full moon in effect when your adventure ended.
 You had 615 experience points, 25 more were needed to attain level 7.

Basics:
 You had 0 out of 51 hit points.
 You had all 16 energy points (spell power).
 Your armor class was -3.
 Your wallet contained 25 zorkmids.
 Autopickup was on for '$?!/="' plus thrown.

Final Characteristics:
 Your strength was 18 (limit:18/100).
 Your dexterity was 11 (limit:18).
 Your constitution was 18 (limit:18).
 Your intelligence was 11 (limit:18).
 Your wisdom was 8 (limit:18).
 Your charisma was 9 (limit:18).

Final Status:
 You were confused.
 You weren't hungry.
 You were unencumbered.
 You were wielding a spear.
 You were skilled in spear.

Final Attributes:
 You had transgressed.
 You were cold resistant.
 You were stealthy.
 You were warded.
 You were unlucky.
 You are dead.

Miscellaneous:
 You encountered 1 bones level.
 Total elapsed playing time was 13 minutes and 6 seconds.

Major events:
 Turn
    1: Kwijibo4686 the neutral human Valkyrie entered the dungeon
  861: entered the Gnomish Mines
  883: attained the rank of Skirmisher (level 3)
 1685: reached Mine Town
 1688: attained the rank of Fighter (level 6)
 1887: killed by a watch captain

You didn't know any spells.

Skills:
 Fighting Skills
   bare handed combat [Unskilled]
   two weapon combat  [Unskilled]
   riding             [Unskilled]
 Weapon Skills
   dagger             [Basic]
   axe                [Unskilled]
   pick-axe           [Unskilled]
   short sword        [Unskilled]
   broadsword         [Unskilled]
   long sword         [Unskilled]
   two-handed sword   [Unskilled]
   saber              [Unskilled]
   hammer             [Unskilled]
   quarterstaff       [Unskilled]
   polearms           [Unskilled]
   spear              [Skilled]
   trident            [Unskilled]
   lance              [Unskilled]
   sling              [Unskilled]
 Spellcasting Skills
   attack spells      [Unskilled]
   escape spells      [Unskilled]

Voluntary challenges:
 Character rerolling was not enabled.
 You were illiterate.
 You never genocided any monsters.
 You never polymorphed an object.
 You never changed form.
 You used no wishes.
Achievements:
 You entered a shop.
 You entered the Gnomish Mines.
 You attained the rank of Skirmisher.
 You entered Minetown.
 You attained the rank of Fighter.
 You entered a temple.

 The Dungeons of Doom: levels 1 to 3
    Level 1:
    Level 2:
       An armor shop, an altar.
       Stairs down to The Gnomish Mines.
    Level 3:
 The Gnomish Mines: levels 3 to 5
    Level 3:
    Level 4:
    Level 5: <- You were here.
       A lighting shop, a temple and an altar to Odin, some fountains, a grave.
       Final resting place for
          you, killed by a watch captain,
          MShauna26-Pri-Hum-Fem-Neu, killed by an owlbear.


Vanquished creatures:
  a small mimic
  a large dog
  a dwarf ruler
  2 watchmen
 an owlbear
  a snake
  a rock piercer
  3 gnome leaders
  a gray ooze
  a giant ant
  a little dog
  a kitten
  4 dwarves
  a homunculus
  a rothe
  a giant bat
  a wererat
 an iguana
  a hobbit
  a cave spider
 17 gnomes
  a gecko
  4 jackals
  a sewer rat
  6 grid bugs
  2 lichens
  5 newts
62 creatures vanquished.

No species were genocided or became extinct.

Game over:
                       ----------
                      /          \
                     /    REST    \
                    /      IN      \
                   /     PEACE      \
                  /                  \
                  |   Kwijibo4686    |
                  |      25 Au       |
                  |   killed by a    |
                  |  watch captain   |
                  |                  |
                  |                  |
                  |       2026       |
                 *|     *  *  *      | *
        _________)/\\_//(\/(/\)/\//\/|_)_______

Farvel Kwijibo4686 the Valkyrie...

You died in The Gnomish Mines on dungeon level 5 with 2703 points,
and 25 pieces of gold, after 1887 moves.
You were level 6 with a maximum of 51 hit points when you died.

